 Dungeon Crawl Stone Soup version 0.25-a0-613-gf4b266557c (webtiles) character file.

Game seed: 12425767490616420362, levelgen mode: deterministic

207 Notrik the Skirmisher (level 5, 0/35 HPs)
             Began as a Gargoyle Fighter on Mar 17, 2020.
             Killed from afar by a hobgoblin (9 damage)
             ... with a bolt of acid
             ... on level 3 of the Dungeon.
             The game lasted 00:04:49 (2245 turns).

Notrik the Skirmisher (Gargoyle Fighter)            Turns: 2245, Time: 00:04:49

Health: 0/35       AC: 13    Str: 20    XL:     5   Next: 85%
Magic:  5/5        EV:  7    Int:  9    God:
Gold:   122        SH:  9    Dex:  9    Spells: 4/4 levels left

rFire    . . .     SeeInvis .   a - +0 flail
rCold    . . .     Gourm    .   c - +0 kite shield
rNeg     + . .     Faith    .   b - +0 scale mail
rPois    ∞         Spirit   .   n - +0 helmet
rElec    +         Reflect  .   f - +0 cloak
rCorr    .         Harm     .   (no gloves)
MR       .....                  (no boots)
Stlth    ..........             (no amulet)
HPRegen  0.11/turn              (no ring)
MPRegen  0.09/turn              (no ring)

@: no status effects
A: negative energy resistance 1, electricity resistance, unbreathing,
petrification resistance, rot immunity, AC +4
a: no special abilities


You were on level 3 of the Dungeon.
You were not hungry.

You visited 1 branch of the dungeon, and saw 3 of its levels.

You collected 122 gold pieces.

Inventory:

Hand Weapons
 a - a +0 flail (weapon)
Armour
 b - a +0 scale mail (worn)
 c - a +0 kite shield (worn)
 f - a +0 cloak (worn)
   (You took it off Crazy Yiuf on level 2 of the Dungeon)
 n - a +0 helmet (worn)
   (You took it off Robin on level 2 of the Dungeon)
Jewellery
 i - an uncursed ring of poison resistance {unknown}
   (You found it on level 1 of the Dungeon)
 r - an uncursed ring of protection from cold {unknown}
   (You found it on level 2 of the Dungeon)
Scrolls
 g - a scroll of enchant armour {unknown}
 j - a scroll of random uselessness {unknown}
 k - a scroll of remove curse {unknown}
 l - 2 scrolls of teleportation {unknown}
 m - a scroll of enchant weapon {unknown}
 o - a scroll of noise {unknown}
 p - a scroll of blinking {unknown}
 q - a scroll of magic mapping {unknown}
Potions
 d - 3 potions of might
 h - 2 potions of lignification {unknown}
Comestibles
 e - 4 rations {!d}
 s - 4 chunks of flesh


   Skills:
 * Level 5.0 Fighting
 + Level 3.0 Maces & Flails
 + Level 4.2 Armour
 + Level 4.3 Shields


You had 4 spell levels left.
You didn't know any spells.
Your spell library was empty.

Dungeon Overview and Level Annotations

Branches:
Dungeon (3/15)

Altars:
Ashenzari
Elyvilon
Kikubaaqudgha
Sif Muna


Innate Abilities, Weirdness & Mutations

You are resistant to torment.
Your stone body is resilient. (AC +4)
You are immune to poison.
You resist negative energy. (rN+)
You are resistant to electric shocks. (rElec)
You can survive without breathing.
You are immune to petrification.
You are immune to rotting.


Message History

No target in view!
No target in view!
No target in view!
No target in view!
No target in view!
No target in view!
No target in view!
No target in view!
No target in view!
No target in view!
No target in view!
No target in view!
No target in view!
No target in view!
No target in view!
No target in view!
No target in view!
No target in view!
A worm and an orc come into view.
The orc shouts!
You hear a shout! x2
You see here a bat corpse.
There are monsters nearby!
There are monsters nearby!
There are monsters nearby!
An orc priest comes into view. It is wielding a +0 dagger.
You closely miss the orc. The orc hits you with a +0 whip.
You hit the orc. The orc barely misses you.
You hit the orc.
You kill the orc!
Your Maces & Flails skill increases to level 3!
You block the orc priest's attack.
You closely miss the orc priest.
The orc priest invokes the aid of Beogh against you.
Beogh smites you!
The orc priest invokes the aid of Beogh against you.
Beogh smites you!
* * * LOW HITPOINT WARNING * * *
You sock the orc priest! You block the orc priest's attack.
You hit the orc priest.
You kill the orc priest!
Your Fighting skill increases to level 5!
A hobgoblin comes into view.
It is wielding a +0 club and carrying a wand of acid (14).
You completely miss the worm.
The hobgoblin shouts!
You block the worm's attack.
You hit the worm. You block the worm's attack.
You barely miss the worm.
The hobgoblin zaps a wand.
The bolt of acid hits you!
You die...

###########w
.(.........
#........ .
#.......# ..
#.......#
...##.....w.######
..''g....@.......
##....†.)$.###.
...... #......)#.#
...... #.......# #
......# #.......#
....... #.......#
#..... ###.......#
##.....
#......####
....... #.####.###
#....#


You could see a worm and a hobgoblin.

Vanquished Creatures
  An orc priest (D:3)
  Crazy Yiuf (D:2)
  Robin (D:2)
  4 adders
  2 oozes
  An adder zombie (D:3)
  3 worms (D:2)
  3 dart slugs
  2 leopard geckos
  An orc (D:3)
  3 giant cockroaches
  14 goblins
  14 hobgoblins
  2 ball pythons (D:2)
  10 bats
  2 frilled lizards
  4 kobolds
  5 rats
73 creatures vanquished.

Notes
Turn   | Place    | Note
-------+----------+-------------------------------------------
     0 | D:1      | Notrik the Gargoyle Fighter began the quest for the Orb.
     0 | D:1      | Reached XP level 1. HP: 14/14 MP: 1/1
   102 | D:1      | Reached XP level 2. HP: 19/19 MP: 2/2
   387 | D:1      | Reached XP level 3. HP: 23/24 MP: 3/3
   785 | D:2      | Reached skill level 4 in Fighting
   824 | D:2      | Reached XP level 4. HP: 28/29 MP: 4/4
   913 | D:2      | Noticed Robin
   930 | D:2      | Killed Robin
  1265 | D:2      | Found a runed translucent door.
  1266 | D:2      | Noticed Crazy Yiuf
  1378 | D:2      | Found a shimmering blue altar of Sif Muna.
  1635 | D:2      | Found a shattered altar of Ashenzari.
  1673 | D:2      | Found an ancient bone altar of Kikubaaqudgha.
  1792 | D:2      | Reached XP level 5. HP: 27/34 MP: 5/5
  1967 | D:2      | Killed Crazy Yiuf
  2055 | D:3      | Found a white marble altar of Elyvilon.
  2241 | D:3      | Reached skill level 5 in Fighting
  2245 | D:3      | Killed from afar by a hobgoblin

Levels and vault maps discovered:
D:1:      eino_arrival_druids_welcome, layout_basic,
          chequers_serial_rivers_small_b
D:2:      layout_basic, lemuel_doored_altar, grunt_temple_overflow_open,
          first_ration, uniq_robin, uniq_crazy_yiuf_cottage
D:3:      minmay_evil_eye, layout_basic, elyvilon_altar_1, grunt_ministairs_1,
          makhleb_blood_cavern_becter

Skill      XL: |  1  2  3  4  5 |
---------------+----------------+-----
Fighting       | 4 5 |  5.0
Shields        | 4 |  4.3
Armour         | 4 |  4.2
Maces & Flails | 3 |  3.0

Action                   |  1- 3 |  4- 6 || total
-------------------------+-------+-------++-------
Melee: Flail             |   111 |   181 ||   292
  Eat: Chunk             |       |     5 ||     5
Armor: Scale mail        |   117 |   115 ||   232
Dodge: Dodged            |    57 |    72 ||   129
Block: Kite shield       |    94 |   104 ||   198

Table legend:
 A = Non-vault XP
 B = Vault XP
 C = Vault XP percentage of total XP
 D = Non-vault monster count
 E = Vault monster count
 F = Vault count percentage of total count
                 A         B        C        D         E       F
            +---------+---------+-------+---------+---------+-------
      Total |     216 |      80 |  27.0 |      59 |      14 |  19.2
            +---------+---------+-------+---------+---------+-------
        D:1 |      52 |       0 |   0.0 |      27 |       0 |   0.0
        D:2 |      83 |      77 |  48.1 |      20 |      13 |  39.4
        D:3 |      81 |       3 |   3.6 |      12 |       1 |   7.7
            +---------+---------+-------+---------+---------+-------
